 Dungeon Crawl Stone Soup version 0.27-a0-720-g3f424a255b (webtiles) character file.

Game seed: 9744287331332153028

10738 Johnny the Carver (level 11, 0/166 HPs)
             Began as a Troll Berserker on Mar 23, 2021.
             Was a High Priest of Trog.
             Slain by an orc knight
             ... wielding a +0 halberd
              (27 damage)
             ... in a bailey.
             The game lasted 00:11:23 (8361 turns).

Johnny the Carver (Troll Berserker)                 Turns: 8361, Time: 00:11:24

Health: 0/166      AC:  5    Str: 30    XL:     11   Next: 40%
Magic:  10/10      EV: 16    Int:  3    God:    Trog [*****.]
Gold:   588        SH:  0    Dex:  9    Spells: 10/10 levels left

rFire    . . .     SeeInvis .   E - +5 triple sword (vorpal)
rCold    . . .     Faith    .   (shield currently unavailable)
rNeg     . . .     Spirit   .   b - +0 animal skin
rPois    .         Reflect  .   (helmet restricted)
rElec    .         Harm     .   F - +0 cloak
rCorr    .         Rampage  .   (gloves unavailable)
Will     ++...                  (boots unavailable)
Stlth    ..........             t - amulet of regeneration
HPRegen  3.37/turn              k - +4 ring of evasion
MPRegen  0.12/turn              (no ring)

@: berserking (expiring), regenerating (expiring), very quick
A: large, unfitting armour, claws 3, regeneration 1, shaggy fur 1, tough skin 1
a: Renounce Religion, Berserk, Trog's Hand, Brothers in Arms


You were in a bailey.
You worshipped Trog.
Trog was extremely pleased with you.
You visited 1 branch of the dungeon, and saw 11 of its levels.
You also visited: Bailey.

You collected 588 gold pieces.

Inventory:

Hand Weapons
 o - a +1 great sword of freezing
 x - a +2 falchion of holy wrath
 E - a +5 vorpal triple sword (weapon)
 G - a +0 scimitar of draining
Armour
 b - a +0 animal skin (worn)
 F - a +0 cloak (worn)
Jewellery
 k - a +4 ring of evasion (right claw)
 t - an amulet of regeneration (around neck)
 H - a +6 ring of strength
Wands
 p - a wand of digging (2)
 u - a wand of acid (6)
 v - a wand of charming (4)
Scrolls
 a - a scroll of magic mapping
 c - 4 scrolls of enchant armour
 d - 7 scrolls of teleportation
 e - 2 scrolls of fog {unknown}
 g - a scroll of acquirement {unknown}
 h - 3 scrolls of blinking
 n - a scroll of torment
 B - a scroll of fear {unknown}
 C - a scroll of vulnerability {unknown}
Potions
 f - a potion of heal wounds
 i - a potion of mutation
 j - 3 potions of lignification
 l - 2 potions of invisibility
 m - 3 potions of flight
 q - a potion of attraction {unknown}
 r - 2 potions of haste {unknown}
 s - 2 potions of curing {unknown}
 w - 3 potions of degeneration {unknown}
 A - a potion of resistance {unknown}
 D - a potion of cancellation {unknown}


   Skills:
 + Level 8.0 Fighting
 * Level 11.0 Long Blades
 + Level 8.1 Dodging


You had 10 spell levels left.
You didn't know any spells.
Your spell library was empty.

Dungeon Overview and Level Annotations

Branches:
Dungeon (11/15)            Temple (0/1) D:7            Lair (0/6) D:11
    Orc (0/2) D:9          Bailey (1/1)

Altars:
Ashenzari
Cheibriados
Elyvilon
Fedhas
Makhleb
Okawaru
Ru
Sif Muna
Trog
Vehumet
Wu Jian
Yredelemnul
Zin
The Shining One

Portals:
Trove: D:11 (give 6 potions of haste)

Annotations:
D:9 2 transporters, passata's ghost, novice DENe


Innate Abilities, Weirdness & Mutations

You are too large for most types of armour.
You have claws for hands.
Your natural rate of healing is unusually fast.
You are covered in fur. (AC +1)
You have tough skin. (AC +1)


Message History

An orc comes into view. It is wielding a +0 spear.
The orc shouts!
An orc knight comes into view. It is wielding a +0 halberd. x2
Found three items.
There are monsters nearby!
There are monsters nearby!
There are monsters nearby!
The orc knight shouts!
The orc knight roars a battlecry!
The orcs go into a battle-frenzy!
Your skin crawls.
You feel strong-willed.
The orc hits you from afar with a +0 spear.
Your two-headed ogre goes berserk!
The orc knight roars a battlecry!
The orc knight goes into a battle-frenzy!
The orc hits you from afar with a +0 spear.
A red film seems to cover your vision as you go berserk!
You feel yourself moving faster!
You feel mighty! The orc knight closely misses you. The orc misses you.
The orc knight hits you from afar with a +0 halberd!!
You feel a strong urge to attack something.
Your two-headed ogre hits the orc but does no damage.
Your two-headed ogre hits the orc with a +0 giant spiked club!!
The orc dies!
Trog accepts your kill. The orc knight closely misses you. x2
You swap places.
There is an open door here.
You slice the orc knight!!
The orc knight is moderately wounded.
Your two-headed ogre rages.
The orc knight hits you with a +0 halberd!!! x2
You slash the orc knight!
The orc knight is moderately wounded.
You feel the effects of Trog's Hand fading.
The orc knight hits you with a +0 halberd!!!
* * * LOW HITPOINT WARNING * * *
The orc knight hits you with a +0 halberd!!
You die...

## ### ##.#
#########∩## ###
#...##.....##...##...
#!..#..≈≈≈).#...#..≈≈
#..o#O≈≈)≈≈.......≈≈.
#..)@.≈.∩)≈.......≈)∩
#[.o#.≈≈.≈≈.....).≈≈)
#?..#..≈≈≈..#..)#..≈≈
#...##.....##.∩.##...
##.# #########∩## ###
## ###


You could see 2 orc knights and a friendly two-headed ogre (summoned, berserk).

Vanquished Creatures
  A boulder beetle (D:11)
  Harold (D:10)
  2 two-headed ogres
  An orc knight (Bailey)
  Joseph (D:10)
  2 trolls (D:11)
  Sigmund (D:5)
  Eustachio (D:5)
  3 yaks (D:11)
  A warg (Bailey)
  3 sky beasts
  3 ice beasts
  10 orc warriors
  A black bear (D:8)
  4 ogres
  A tengu (D:10)
  7 centaurs
  A phantom (D:7)
  3 kobold brigands
  6 bullfrogs
  A gnoll sergeant (D:9)
  A water moccasin zombie (D:5)
  5 scorpions
  5 wights (D:8)
  5 electric eels (D:6)
  4 howler monkeys
  7 orc priests
  2 bullfrog skeletons
  3 centaur skeletons
  5 hounds
  2 jellies (D:7)
  3 iguanas
  14 orc wizards
  6 worker ants
  2 hound zombies
  2 hound skeletons
  3 gnolls (D:9)
  6 adders
  2 shadow imps
  4 white imps
  4 ufetubi
  2 adder zombies
  2 adder skeletons (D:4)
  A worm (D:6)
  37 orcs
  11 ball pythons
  7 bats
  A giant cockroach (D:1)
  4 goblins
  7 hobgoblins
  12 jackals
  4 oozes
  13 quokkas
  5 frilled lizards
  A jackal skeleton (D:7)
  15 kobolds
  A quokka skeleton (D:8)
  7 rats
269 creatures vanquished.

Vanquished Creatures (collateral kills)
  An orc knight (Bailey)
  2 orc warriors (Bailey)
  2 orcs (Bailey)
5 creatures vanquished.

Vanquished Creatures (others)
  An orc warrior (Bailey)
  An orc wizard (D:5)
  2 orcs (Bailey)
  31 plants
  4 toadstools (D:1)
39 creatures vanquished.

Grand Total: 313 creatures vanquished

Notes
Turn   | Place    | Note
-------+----------+-------------------------------------------
     0 | D:1      | Johnny the Troll Berserker began the quest for the Orb.
     0 | D:1      | Reached XP level 1. HP: 22/22 MP: 0/0
   110 | D:1      | Reached XP level 2. HP: 29/29 MP: 1/1
   422 | D:1      | Reached ** piety under Trog
   435 | D:1      | Reached skill level 3 in Long Blades
   748 | D:2      | Reached XP level 3. HP: 36/36 MP: 2/2
   966 | D:2      | Found a shimmering blue altar of Sif Muna.
  1505 | D:3      | Reached *** piety under Trog
  1513 | D:3      | Found a radiant altar of Vehumet.
  1515 | D:3      | Found a faded altar of an unknown god.
  1771 | D:3      | Reached XP level 4. HP: 25/44 MP: 3/3
  2099 | D:4      | Noticed a two-headed ogre
  2164 | D:5      | Entered Level 5 of the Dungeon
  2175 | D:5      | Reached XP level 5. HP: 41/53 MP: 4/4
  2198 | D:5      | Noticed Eustachio
  2219 | D:5      | Killed Eustachio
  2220 | D:5      | Reached skill level 4 in Long Blades
  2220 | D:5      | Reached XP level 6. HP: 61/61 MP: 5/5
  2233 | D:5      | Noticed an ice beast
  2272 | D:5      | Killed an ice beast
  2303 | D:5      | Found an ornate altar of the Wu Jian Council.
  2399 | D:5      | Noticed Sigmund
  2404 | D:5      | Killed Sigmund
  2405 | D:5      | Reached skill level 5 in Long Blades
  2405 | D:5      | Reached XP level 7. HP: 70/70 MP: 6/6
  2712 | D:4      | Reached skill level 6 in Long Blades
  2712 | D:4      | Reached XP level 8. HP: 65/79 MP: 7/7
  2760 | D:4      | Killed a two-headed ogre
  2761 | D:4      | Reached skill level 5 in Fighting
  2761 | D:4      | Reached skill level 5 in Dodging
  2803 | D:4      | Reached skill level 7 in Long Blades
  3218 | D:4      | Reached **** piety under Trog
  3630 | D:5      | Found an iron altar of Okawaru.
  3743 | D:5      | Reached XP level 9. HP: 47/88 MP: 8/8
  4220 | D:6      | Found a sacrificial altar of Ru.
  4413 | D:6      | Found a snail-covered altar of Cheibriados.
  4515 | D:6      | Reached skill level 8 in Long Blades
  5510 | D:7      | Found a staircase to the Ecumenical Temple.
  5615 | D:7      | Reached ***** piety under Trog
  6074 | D:8      | Reached skill level 9 in Long Blades
  6074 | D:8      | Reached XP level 10. HP: 99/99 MP: 9/9
  6725 | D:9      | Found a staircase to the Orcish Mines.
  6785 | D:9      | Found a burning altar of Makhleb.
  6820 | D:9      | Found a bloodstained altar of Trog.
  6821 | D:9      | Found a glowing silver altar of Zin.
  6821 | D:9      | Found a broken altar of Ashenzari.
  6823 | D:9      | Found a basalt altar of Yredelemnul.
  6823 | D:9      | Found a glowing golden altar of the Shining One.
  6824 | D:9      | Found a white marble altar of Elyvilon.
  6831 | D:9      | Noticed a two-headed ogre
  6837 | D:9      | Killed a two-headed ogre
  7092 | D:9      | Found a transporter.
  7092 | D:9      | Noticed passata's ghost (novice DENe)
  7092 | D:9      | Noticed a two-headed ogre
  7092 | D:9      | Identified the +2 great mace "Coxaxag" {drain, Dex+2}
  7092 | D:9      | Identified the +6 great mace of Nong {vorpal, rPois rF+}
  7092 | D:9      | Noticed a two-headed ogre
  7094 | D:9      | Found a transporter.
  7095 | D:9      | Noticed a two-headed ogre
  7228 | D:9      | Received a gift from Trog
  7533 | D:10     | Entered Level 10 of the Dungeon
  7591 | D:10     | Reached skill level 10 in Long Blades
  7610 | D:10     | Noticed Joseph
  7620 | D:10     | Killed Joseph
  7642 | D:10     | Noticed Maurice
  7644 | D:10     | Noticed Maurice
  7644 | D:10     | Maurice changed into Maurice the tengu
  7646 | D:10     | Killed Maurice the tengu
  7787 | D:10     | Found a blossoming altar of Fedhas.
  7836 | D:10     | Noticed Harold
  7850 | D:10     | Killed Harold
  8107 | D:11     | Reached XP level 11. HP: 109/109 MP: 10/10
  8121 | D:11     | Found a portal to a secret trove of treasure.
  8134 | D:11     | Noticed a boulder beetle
  8155 | D:11     | Killed a boulder beetle
  8177 | D:11     | Found a flagged portal.
  8184 | Bailey   | Entered a bailey
  8184 | Bailey   | Noticed an orc knight
  8195 | Bailey   | Noticed an orc knight
  8202 | Bailey   | Killed an orc knight
  8227 | Bailey   | Killed an orc knight
  8231 | Bailey   | Reached skill level 11 in Long Blades
  8353 | Bailey   | Noticed an orc knight
  8353 | Bailey   | Noticed an orc knight
  8354 | Bailey   | Found the +5 robe of Misfortune {*Contam Harm *Corrode
                  | *Drain *Slow EV+5}
  8361 | Bailey   | Slain by an orc knight

Illustrated notes

Levels and vault maps discovered:
D:1:      ldierk_walled_garden_2, layout_loops_ring
D:2:      layout_rooms, old_standard_altar, minmay_randomly_rotated_circles
D:3:      layout_loops_corners, vehumet_crystals,
          chequers_ecumenical_altar_island
D:4:      layout_cave_pods
D:5:      layout_basic, overflow_temple_1_default, nicolae_wu_jian_wuxing_cycle,
          minmay_misc_feat_diagonals, uniq_sigmund, uniq_eustachio
D:6:      layout_loops_corners, slow_altar_1, general_overflow_altar,
          kennysheep_boxes
D:7:      layout_gridville, minmay_temple_entry_purple_smoke,
          serial_bayou_lagoon_a
D:8:      layout_cave_pods
D:9:      wad_pebble_path, layout_long_grid, grunt_temple_overflow_open,
          orc_0_dummy, gammafunk_ghost_smash, amcnicky_mini_rare_corridor_liquid
D:10:     layout_cave_pools, fedhas_altar_decomposition, uniq_maurice,
          uniq_joseph, uniq_harold
D:11:     minmay_mutant_horseshoe, layout_loops_ring, dpeg_lair_monsters,
          enter_bailey_2, enter_trove_3, onia_ninara_dug_in_and_dangerous
Bailey:   bailey_polearm_4, bailey

Skill      XL: |  1  2  3  4  5  6  7  8  9 10 11 |
---------------+----------------------------------+-----
Long Blades    | 3 4 5 6 7 9 10 11 | 11.0
Dodging        | 3 4 5 6 7 8 |  8.1
Fighting       | 3 4 5 6 7 8 |  8.0

Action                   |  1- 3 |  4- 6 |  7- 9 | 10-12 || total
-------------------------+-------+-------+-------+-------++-------
Melee: Falchion          |   170 |    83 |   498 |     7 ||   758
       Great sword       |       |       |       |    96 ||    96
       Triple sword      |       |       |       |    69 ||    69
Invok: Berserk           |     1 |     4 |    14 |     7 ||    26
       Trog's Hand       |       |     1 |     4 |     4 ||     9
       Brothers in Arms  |       |       |       |     1 ||     1
Evoke: Wand              |       |     3 |     7 |    30 ||    40
  Use: Scroll            |       |       |    10 |     3 ||    13
       Potion            |       |       |     2 |       ||     2
 Stab: Sleeping          |     1 |       |       |       ||     1
Armor: Animal skin       |    73 |    43 |    71 |    30 ||   217
Dodge: Dodged            |   103 |    60 |   276 |   192 ||   631
       Rpst.: Falchion   |    32 |    21 |    73 |       ||   126
       Great sword       |       |       |       |    30 ||    30
       Triple sword      |       |       |       |    17 ||    17

Table legend: (Time is in decaauts)
 A = Elapsed time spent in this place.
 B = Non-inter-level travel time spent in this place.
 C = Inter-level travel time spent in this place.
 D = Time resting spent in this place.
 E = Time spent auto-exploring this place.
 F = Levels seen in this place.
 G = Mean time per level.
                   A        B        C        D        E       F      G
               +--------+--------+--------+--------+--------+-----+--------+
         Total |   8685 |   8382 |    303 |    626 |   5840 |  12 |  723.8 |
       Dungeon |   8507 |   8204 |    303 |    523 |   5830 |  11 |  773.4 |
        Bailey |    178 |    178 |      0 |    103 |     10 |   1 |  178.0 |
               +--------+--------+--------+--------+--------+-----+--------+

Top non-repeatable levels by time:
     D:6: 1068 daAuts
     D:4: 1068 daAuts
     D:5: 1037 daAuts
     D:3: 898 daAuts
     D:9: 862 daAuts
     D:8: 832 daAuts
     D:1: 730 daAuts
     D:7: 721 daAuts
    D:10: 585 daAuts
     D:2: 584 daAuts
  Bailey: 178 daAuts
    D:11: 116 daAuts
